 Dungeon Crawl Stone Soup version 0.20.0-15-g7f486f2 (webtiles) character file.

351822 Inarius the Warrior (level 21, -8/179 HPs)
             Began as a Green Draconian Air Elementalist on June 6, 2017.
             Was the Champion of Hepliaklqana.
             Mangled by the 27-headed Lernaean hydra (9 damage)
             ... on level 3 of the Swamp on June 10, 2017.
             The game lasted 08:36:20 (94019 turns).

Inarius the Warrior (DrAE)                         Turns: 94019, Time: 08:36:21

Health: -8/179     AC: 20    Str: 14    XL:     21   Next: 61%
Magic:  64/64      EV: 18    Int: 28    God:    Hepliaklqana [******]
Gold:   2692       SH: 17    Dex: 13    Spells: 19/50 levels left

rFire    . . .     SeeInvis .   E - staff of power
rCold    . . .     Gourm    +   J - +5 shield
rNeg     . . .     Faith    .   (armour unavailable)
rPois    +         Spirit   .   K - +2 hat {MR+}
rElec    .         Reflect  .   M - +2 cloak
rCorr    .         Harm     .   i - +2 pair of gloves {Str+3}
MR       +++..                  R - +0 pair of boots
Stlth    ++........             n - amulet of the gourmand
Regen    0.4/turn               L - ring of magical power
MPRegen  0.4/turn               N - ring "Hybim" {Int+4 Stlth-}

@: swift, about to teleport, deflect missiles, very quick
A: breathe noxious fumes, unfitting armour, reduced essence, horns 1, stinger 1,
camouflage 1, magic resistance 1, mutation resistance 1, poison resistance,
cold-blooded, AC +11
}: 1/15 runes: serpentine
a: Breathe Noxious Fumes, Recall Ancestor, Ancestor Identity, Transference,
Idealise, Renounce Religion


You were on level 3 of the Swamp.
You worshipped Hepliaklqana.
Hepliaklqana was exalted by your worship.
You were not hungry.

You visited 8 branches of the dungeon, and saw 38 of its levels.
You also visited: Bailey and Ice Cave.

You collected 3967 gold pieces.
You spent 1275 gold pieces at shops.

Inventory:

Hand Weapons
 q - the +10 flail of Tahushrof {crush, rF+}
   (You took it off an orc on level 10 of the Dungeon)

   It inflicts extra damage upon your enemies.
   It protects you from fire.
 t - the +7 long sword of the Moth {flame, rN+ Str+4}
   (You found it on level 1 of the Lair of Beasts)

   It has been specially enchanted to burn those struck by it, causing extra
   injury to most foes and up to half again as much damage against particularly
   susceptible opponents.
   Big, fiery blades are also staple armaments of hydra-hunters.
   It affects your strength (+4).
   It protects you from negative energy.
Armour
 i - a +2 pair of gloves of strength (worn)
 C - a +0 shield of cold resistance
 J - a +5 shield (worn)
 K - a +2 hat of magic resistance (worn)
 M - a +2 cloak (worn)
 R - a +0 pair of boots (worn)
Magical Staves
 E - an uncursed staff of power (weapon)
 X - an uncursed staff of energy
Jewellery
 n - an amulet of the gourmand (around neck)
 D - an uncursed ring of fire
 L - a ring of magical power (left hand)
 N - the ring "Hybim" (right hand) {Int+4 Stlth-}
   (You found it on level 14 of the Dungeon)

   [ring of loudness]

   It affects your intelligence (+4).
   It makes you less stealthy.
 Z - a +1 ring of protection
Wands
 u - a wand of digging (11/24)
Scrolls
 c - 4 scrolls of teleportation
 j - 10 scrolls of identify
 p - 12 scrolls of remove curse
 w - 8 scrolls of amnesia
 x - a scroll of magic mapping
 y - 6 scrolls of recharging
 F - 3 scrolls of fear
 H - a scroll of fog
 V - a scroll of brand weapon
 W - 7 scrolls of enchant weapon
Potions
 d - 4 potions of might
 e - 4 potions of lignification
 g - 6 potions of haste
 l - 8 potions of brilliance
 m - 9 potions of flight
 o - 5 potions of curing
 s - 3 potions of ambrosia
 A - 7 potions of agility
 O - a potion of magic
 P - a potion of resistance
 Q - a potion of invisibility
 U - 2 potions of mutation
Books
 f - a book of the Sky

   Spells                             Type                      Level
   a - Summon Lightning Spire         Summoning/Air                4
   b - Silence                        Hexes/Air                    5
   c - Deflect Missiles               Charms/Air                   6
   d - Conjure Ball Lightning         Conjuration/Air              6
   e - Tornado                        Air                          9
 r - a book of the Dragon

   Spells                             Type                      Level
   a - Flame Tongue                   Conjuration/Fire             1
   b - Cause Fear                     Hexes                        4
   c - Bolt of Fire                   Conjuration/Fire             6
   d - Dragon Form                    Transmutation                7
   e - Dragon's Call                  Summoning                    9
 T - a book of Dreams

   Spells                             Type                      Level
   a - Ensorcelled Hibernation        Hexes/Ice                    2
   b - Silence                        Hexes/Air                    5
   c - Darkness                       Hexes                        6
   d - Shadow Creatures               Summoning                    6
Miscellaneous
 a - a lamp of fire
 z - 2 boxes of beasts
 B - a sack of spiders
 I - a lightning rod (2/4)
 S - a phantom mirror
 Y - a fan of gales
Comestibles
 b - 10 bread rations
 h - 30 royal jellies
 k - 16 fruits
 v - 6 meat rations


   Skills:
 * Level 19.4 Fighting
 + Level 10.8 Dodging
 - Level 1.7 Stealth
 - Level 12.2 Shields
 + Level 15.2 Spellcasting
 + Level 13.0 Conjurations
 + Level 6.0 Charms
 + Level 10.0 Summonings
 + Level 16.1 Air Magic
 - Level 10.0 Invocations
 - Level 10.0 Evocations


You had 19 spell levels left.
You knew the following spells:

 Your Spells              Type           Power        Failure   Level  Hunger
a - Shock                 Conj/Air       ####         0%          1    None
b - Swiftness             Chrm/Air       ######..     1%          2    None
c - Static Discharge      Conj/Air       #######.     1%          3    None
d - Airstrike             Air            #######...   1%          4    None
e - Lightning Bolt        Conj/Air       #######...   1%          5    None
f - Summon Lightning Spi  Summ/Air       #######.     1%          4    None
g - Deflect Missiles      Chrm/Air       ######....   5%          6    ####...
h - Conjure Ball Lightni  Conj/Air       #######...   1%          6    ####...


Dungeon Overview and Level Annotations

Branches:
Dungeon (15/15)            Temple (1/1) D:7            Lair (6/6) D:8
  Swamp (4/4) Lair:2        Snake (4/4) Lair:4        Slime (0/5) Lair:6
    Orc (2/2) D:10            Elf (2/3) Orc:2        Vaults (4/5) D:14
  Crypt (0/3) Vaults:3     Depths (0/5) D:15

Altars:
Ashenzari
Cheibriados
Dithmenos
Hepliaklqana
Kikubaaqudgha
Okawaru
Qazlal
The Shining One
Beogh
Jiyva

Shops:
D:8 (   D:13 [   Orc:2 !(:*   Elf:1 [   Vaults:2 (   Vaults:3 =

Portals:
Trove: D:13 (give 15 scrolls of teleportation)

Annotations:
Swamp:3 Lernaean hydra
Orc:1 1 runed door, exclusion: 4 orange crystal statues
Vaults:4 Mennas


Innate Abilities, Weirdness & Mutations

You can breathe blasts of noxious fumes.
Your lurid green scales are hard. (AC +11)
You cannot fit into any form of body armour.
Your tail ends in a poisonous barb.
Your system is resistant to poisons. (rPois)
You are cold-blooded and may be slowed by cold attacks.
Your life essence is reduced. (-10% HP)
You have a pair of small horns on your head.
Your skin changes colour to match your surroundings (Stealth+).
You are resistant to hostile enchantments. (MR+)
You are somewhat resistant to further mutation.


Message History

* * * LOW HITPOINT WARNING * * *
You stumble backwards!
Unknown command.
Unknown command.
Unknown command.
Unknown command.
Unknown command.
You feel much better. The 27-headed Lernaean hydra bites you!
* * * LOW HITPOINT WARNING * * *
The 27-headed Lernaean hydra bites you but does no damage.
You block the 27-headed Lernaean hydra's attack.
The 27-headed Lernaean hydra bites you but does no damage.
The 27-headed Lernaean hydra bites you!
* * * LOW HITPOINT WARNING * * *
You block the 27-headed Lernaean hydra's attack.
The 27-headed Lernaean hydra bites you!
* * * LOW HITPOINT WARNING * * *
You block the 27-headed Lernaean hydra's attack.
The 27-headed Lernaean hydra bites you!
You die...

♣...≈≈§≈^...≈≈.≈♣ ♣♣≈♣♣♣≈≈≈.....≈
♣≈≈≈≈≈≈≈≈≈≈≈≈≈≈.♣♣♣≈...♣♣≈.≈§.≈..
..≈≈≈≈≈≈≈PP≈≈≈≈≈.≈......♣♣≈.≈≈≈≈≈
♣≈....≈.♣♣PP.≈≈≈..≈≈≈.≈≈≈.♣.≈≈≈≈≈
♣≈.≈♣≈....P≈♣♣≈♣♣♣.≈≈.≈≈≈.♣.≈≈≈≈≈
≈...♣♣♣♣≈≈≈♣§♣♣♣♣♣....♣..♣♣≈.≈≈≈≈
.≈≈≈.≈♣.≈≈≈♣♣≈.≈♣♣♣≈♣♣♣.......≈≈≈
≈≈≈≈≈♣♣..P♣♣≈.RD.♣♣♣♣ ♣.≈≈§...≈..
≈≈≈≈.♣%§#......D@♣♣ ♣.≈≈≈....≈≈
≈≈≈...≈#.≈≈≈≈≈.kf.♣♣♣ ♣≈≈≈≈≈≈≈≈..
≈≈≈§≈≈≈##.≈≈≈≈≈.≈≈.≈♣♣♣♣≈≈≈≈≈≈≈≈≈
≈≈≈≈≈≈.##.♣..(......♣≈.≈≈.≈≈≈≈≈≈.
≈≈.§...##...≈≈≈.≈♣♣.......≈.≈≈≈≈≈
.≈≈≈...##...≈≈≈≈..≈<≈≈....♣♣≈≈≈.≈
.≈≈....##....≈≈.≈≈.<≈≈≈..§.♣..≈≈.
###..#######.##≈≈≈≈♣♣..♣≈≈≈.≈....
≈##########..###≈≈.♣♣♣≈♣≈≈≈......


You could see the friendly Onaxys the hexer, the 27-headed Lernaean hydra, a
thorn hunter, a swamp dragon and a lindwurm.

Vanquished Creatures
  A tentacled monstrosity (Vaults:3)
  Gastronok (Lair:3)
  Frances (Swamp:2)
  A thorn hunter (Swamp:1)
  A tengu reaver (Vaults:3)
  Kirke (Lair:4)
  7 nagarajas
  A fire giant (D:15)
  2 deep elf sorcerers
  A frost giant (IceCv)
  Roxanne (D:14)
  5 vault wardens
  Aizul (Snake:2)
  14 ironheart preservers
  Louise (D:15)
  4 stone giants
  A vampire knight (Vaults:3)
  5 very ugly things (Vaults:2)
  A deep elf demonologist (Elf:1)
  A dire elephant (Lair:6)
  A dire elephant (shapeshifter) (Vaults:3)
  Snorg (Lair:5)
  3 deep elf death magi
  An ettin (shapeshifter) (D:14)
  2 fire dragons
  A deep elf high priest (Elf:2)
  11 yaktaur captains
  A great orb of eyes (Vaults:1)
  14 hydras
  A rakshasa (D:14)
  2 vault guards
  7 ogre magi
  8 anacondas
  18 naga warriors
  A ghost crab (Swamp:2)
  14 centaur warriors
  3 alligators (Swamp:3)
  A death knight (Vaults:3)
  30 two-headed ogres
  2 death yaks (Lair:6)
  Urug (D:15)
  23 naga sharpshooters
  21 dancing weapons
  13 shock serpents
  Sonja (Lair:4)
  A shadow wraith (Vaults:2)
  12 deep elf knights
  3 deep trolls
  A skeletal warrior (Vaults:3)
  3 salamander mystics
  4 swamp dragons
  2 unseen horrors (D:10)
  11 naga ritualists
  The ghost of MirrMurr the Cleaver, a novice DDFi (D:7)
  3 glowing orange brains
  2 wizards
  Pikel (D:8)
  11 deep elf archers
  8 orc knights
  2 lindwurms (Lair:6)
  A shambling mangrove (Swamp:1)
  11 ironbrand convokers
  14 mana vipers
  2 orc sorcerers
  A necromancer (Vaults:3)
  56 deep elf magi
  8 cyclopes
  3 manticores
  18 ugly things
  4 wolf spiders
  A moth of wrath (shapeshifter) (Vaults:2)
  9 salamanders
  2 guardian serpents
  A centaur zombie (D:13)
  6 elephants (Lair:6)
  45 black mambas
  2 ice statues (IceCv)
  7 centaur skeletons
  6 vault sentinels
  30 naga magi
  An eye of devastation (shapeshifter) (Elf:2)
  A gargoyle (D:11)
  13 spiny frogs
  7 komodo dragons
  4 rime drakes (Lair:6)
  5 freezing wraiths
  A tengu conjurer (D:15)
  An efreet (D:15)
  26 yaktaurs
  A harpy zombie (D:15)
  4 hornets
  A merfolk (shapeshifter) (D:14)
  8 trolls
  5 polar bears (IceCv)
  3 tyrant leeches
  25 slime creatures
  A dream sheep (Lair:6)
  6 bog bodies
  6 blink frogs
  8 hippogriffs
  An air elemental (Elf:1)
  A flying skull (Vaults:3)
  A centaur simulacrum (D:14)
  2 vampires
  2 spriggans
  2 wraiths
  A shadow (D:11)
  45 yaks
  7 wyverns
  A basilisk (Lair:4)
  A fire elemental (Elf:1)
  3 water elementals
  2 hogs (Lair:4)
  3 steam dragons (Lair:6)
  A steam dragon (shapeshifter) (Vaults:1)
  3 hungry ghosts
  A yaktaur simulacrum (Vaults:1)
  13 vampire mosquitoes
  49 nagas
  6 wargs
  11 swamp worms
  5 acid dragons
  13 insubstantial wisps
  14 water moccasins
  6 porcupines
  30 orc warriors
  An eye of draining (D:15)
  4 ice beasts
  6 swamp drakes
  A black bear (D:11)
  3 slaves
  A necrophage (D:8)
  4 sky beasts
  5 boggarts
  38 ogres
  3 phantoms
  9 wolves
  30 centaurs
  10 crocodiles
  A big kobold (D:13)
  14 bullfrogs
  5 earth elementals
  2 wyvern zombies (D:14)
  7 scorpions
  13 killer bees
  8 electric eels
  15 wights
  9 howler monkeys
  2 quasits
  9 crimson imps
  3 hounds
  A bullfrog skeleton (D:12)
  10 orc priests
  5 jellies
  7 orc wizards
  4 iguanas
  An ancestor (D:10)
  12 hexers
  9 worker ants
  2 hound zombies
  A hound skeleton (D:8)
  4 worker ant zombies
  A howler monkey skeleton (D:6)
  A howler monkey zombie (D:6)
  12 gnolls
  12 adders
  8 shadow imps
  6 oozes
  2 adder skeletons
  4 worms
  14 dart slugs
  5 leopard geckos
  81 orcs
  4 bats
  A bat zombie (D:6)
  A giant cockroach (D:1)
  5 goblins
  4 hobgoblins
  10 jackals
  7 quokkas
  3 ball pythons
  5 frilled lizards
  A jackal skeleton (D:7)
  7 kobolds
  2 leopard gecko skeletons
  A leopard gecko zombie (D:7)
  A quokka skeleton (D:4)
  2 quokka zombies (D:5)
  3 rats
  2 rat zombies (D:6)
  2 crawling corpses (Vaults:2)
  4 fungi
  4 plants
1349 creatures vanquished.

Vanquished Creatures (collateral kills)
  Vashnia (Snake:3)
  Asterion (Snake:3)
  Donald (Vaults:2)
  6 nagarajas
  A fire giant (Vaults:3)
  2 frost giants
  A deep elf sorcerer (Vaults:2)
  3 vault wardens
  4 ironheart preservers
  2 stone giants (Vaults:2)
  2 very ugly things (Vaults:2)
  A dire elephant (Lair:6)
  A deep elf annihilator (Vaults:1)
  2 deep elf death magi
  3 yaktaur captains
  3 naga warriors
  A vault guard (Vaults:2)
  6 hydras
  3 ice dragons
  5 centaur warriors
  9 anacondas
  A queen ant (shapeshifter) (Vaults:2)
  12 ogre magi
  13 two-headed ogres
  A death yak (Lair:6)
  2 death knights
  3 shock serpents
  A tengu warrior (D:15)
  A dancing weapon (Elf:2)
  7 naga sharpshooters
  3 deep elf knights
  2 shadow wraiths (Vaults:2)
  2 skeletal warriors (Vaults:2)
  3 unseen horrors (Vaults:1)
  4 deep trolls
  A naga ritualist (Snake:4)
  6 ironbrand convokers
  A wizard (Vaults:3)
  4 deep elf archers
  15 deep elf magi
  14 ugly things
  4 orc knights
  3 wolf spiders (Vaults:2)
  A cyclops (D:14)
  3 mana vipers
  2 orc sorcerers
  4 salamanders
  A centaur zombie (D:15)
  2 elephants (Lair:6)
  6 vault sentinels
  A guardian serpent (Snake:3)
  26 black mambas
  12 spiny frogs
  12 naga magi
  2 komodo dragons
  16 yaktaurs
  A rime drake (Lair:6)
  A jumping spider (shapeshifter) (Vaults:1)
  3 trolls
  2 blink frogs
  A tengu simulacrum (Vaults:1)
  13 slime creatures
  2 tyrant leeches
  10 polar bears (IceCv)
  A bog body (Swamp:1)
  3 hippogriffs
  A dream sheep (Lair:6)
  A human simulacrum (Vaults:2)
  A spriggan (Lair:4)
  A fire elemental (Elf:1)
  A wyvern (Lair:4)
  A water elemental (Elf:2)
  2 wraiths
  2 hogs (Lair:4)
  20 yaks
  3 basilisks
  2 wargs
  5 swamp worms
  An insubstantial wisp (Swamp:3)
  28 nagas
  14 water moccasins
  3 porcupines
  An eye of draining (D:10)
  28 orc warriors
  2 ice beasts
  2 black bears
  6 wolves
  9 centaurs
  20 ogres
  2 boggarts
  A crocodile (shapeshifter) (Vaults:2)
  6 crocodiles
  5 bullfrogs
  A water moccasin zombie (D:12)
  A scorpion (D:12)
  16 killer bees
  7 wights
  A howler monkey (D:9)
  A bullfrog zombie (D:12)
  A jelly (D:14)
  3 centaur skeletons
  2 hounds
  8 orc priests
  12 orc wizards
  An iguana (Lair:6)
  4 adders
  6 gnolls
  A shadow imp (D:13)
  50 orcs
  A ball python (Snake:3)
  A jackal (D:8)
  A kobold (D:13)
  4 fungi
576 creatures vanquished.

Vanquished Creatures (others)
  A naga warrior (Snake:3)
  17 ball lightnings
  2 humans (Lair:4)
  A water elemental (Elf:1)
  An orc wizard (D:15)
  49 hexers
  A worker ant (D:5)
  3 ancestors (D:8)
  A bush (D:15)
  12 fungi
  21 plants
109 creatures vanquished.

Grand Total: 2034 creatures vanquished

Notes
Turn   | Place    | Note
-------+----------+-------------------------------------------
     0 | D:1      | Inarius the Draconian Air Elementalist began the quest for the Orb.
     0 | D:1      | Reached XP level 1. HP: 14/14 MP: 3/3
   336 | D:1      | Reached XP level 2. HP: 12/20 MP: 1/5
   343 | D:1      | Learned a level 2 spell: Swiftness
  1361 | D:2      | Reached XP level 3. HP: 24/26 MP: 1/6
  1369 | D:2      | Learned a level 3 spell: Static Discharge
  1549 | D:2      | Found a stormy altar of Qazlal.
  1551 | D:2      | Noticed a water elemental
  1551 | D:2      | Noticed an earth elemental
  1552 | D:2      | Noticed a fire elemental
  1552 | D:2      | Noticed an air elemental
  2650 | D:2      | Reached XP level 4. HP: 33/33 MP: 2/7
  3192 | D:3      | Found an iron altar of Okawaru.
  3539 | D:3      | Reached skill level 1 in Charms
  3758 | D:4      | Reached XP level 5. HP: 38/38 MP: 2/9
  4245 | D:4      | Found a glowing golden altar of the Shining One.
  4274 | D:4      | Noticed a phantom
  4569 | D:4      | Reached skill level 1 in Shields
  4910 | D:5      | Entered Level 5 of the Dungeon
  4910 | D:5      | Noticed a phantom
  5059 | D:4      | Reached XP level 6. HP: 39/46 MP: 0/10
  5065 | D:4      | Learned a level 4 spell: Airstrike
  6059 | D:4      | Reached skill level 1 in Fighting
  6059 | D:4      | Your scales start taking on a lurid green colour.
  6059 | D:4      | Reached XP level 7. HP: 50/52 MP: 5/12
  6059 | D:4      | Gained mutation: Your system is resistant to poisons. (rPois) [Green Draconian growth]
  8087 | D:6      | Reached skill level 5 in Air Magic
  8197 | D:6      | Reached XP level 8. HP: 59/59 MP: 14/14
  8534 | D:6      | Found a shadowy altar of Dithmenos.
  8661 | D:6      | Found an ancient bone altar of Kikubaaqudgha.
  8842 | D:6      | Learned a level 5 spell: Lightning Bolt
  8894 | D:6      | Reached skill level 5 in Conjurations
  8903 | D:6      | Gained mutation: Your flesh is cold resistant. (rC+) [mutagenic meat]
  8905 | D:6      | Gained mutation: You tend to lose your temper in combat. [mutagenic meat]
  8906 | D:6      | Gained mutation: You are weak. (Str -2) [mutagenic meat]
  9282 | D:7      | Found a staircase to the Ecumenical Temple.
  9291 | Temple   | Entered the Ecumenical Temple
  9295 | Temple   | Became a worshipper of Hepliaklqana the Forgotten
  9316 | D:7      | Reached skill level 5 in Spellcasting
  9429 | D:7      | Noticed a hippogriff
  9433 | D:7      | Killed a hippogriff
  9433 | D:7      | Reached XP level 9. HP: 57/57 MP: 12/16
  9828 | D:7      | Noticed MirrMurr's ghost (novice DDFi)
  9833 | D:7      | Killed MirrMurr's ghost
 10858 | D:7      | Reached skill level 5 in Shields
 11023 | D:8      | Noticed Pikel
 11488 | D:8      | HP: 1/57 [acid (11)]
 11837 | D:8      | Killed Pikel
 11837 | D:8      | Reached XP level 10. HP: 63/63 MP: 9/19
 11839 | D:8      | Gained mutation: You have large cloven feet. [mutagenic meat]
 11840 | D:8      | Gained mutation: Scrolls take you a little longer to read. [mutagenic meat]
 11842 | D:8      | Gained mutation: Your tail ends in a poisonous barb. [mutagenic meat]
 11843 | D:8      | Lost mutation: Scrolls take you a little longer to read. [mutagenic meat]
 12005 | D:8      | Reached * piety under Hepliaklqana
 12147 | D:8      | Found Gyaturemn's Weapon Emporium.
 12349 | D:8      | Reached skill level 5 in Dodging
 12578 | D:8      | Found a staircase to the Lair.
 12987 | D:9      | Noticed a two-headed ogre
 12993 | D:9      | Killed a two-headed ogre
 13258 | D:9      | Found a snail-covered altar of Cheibriados.
 13560 | D:9      | Noticed a two-headed ogre
 13569 | D:9      | Killed a two-headed ogre
 14106 | D:10     | Entered Level 10 of the Dungeon
 14318 | D:10     | HP: 2/63 [yak (13)]
 14672 | D:10     | Reached ** piety under Hepliaklqana
 14673 | D:10     | Remembered your ancestor Onaxys as a hexer
 14690 | D:10     | Noticed a two-headed ogre
 14696 | D:10     | Killed a two-headed ogre
 14696 | D:10     | Reached XP level 11. HP: 69/69 MP: 8/22
 14707 | D:10     | Got a brightly glowing flail {crush}
 14824 | D:10     | Identified the +10 flail of Tahushrof {crush, rF+} (You took it off an orc on level 10 of the Dungeon)
 15003 | D:10     | Found a roughly hewn altar of Beogh.
 15003 | D:10     | Found a staircase to the Orcish Mines.
 15522 | D:10     | Noticed a two-headed ogre
 15696 | D:10     | Killed a two-headed ogre
 15696 | D:10     | Reached skill level 5 in Charms
 15964 | D:10     | Killed an unseen horror
 16094 | D:10     | Learned a level 4 spell: Summon Lightning Spire
 16484 | D:10     | Reached skill level 1 in Summonings
 16871 | D:10     | Killed an unseen horror
 17198 | D:11     | Noticed a two-headed ogre
 17201 | D:11     | Killed a two-headed ogre
 17649 | D:11     | Noticed a two-headed ogre
 17653 | D:11     | Killed a two-headed ogre
 17864 | D:11     | Reached *** piety under Hepliaklqana
 18396 | Lair:1   | Entered Level 1 of the Lair of Beasts
 18414 | Lair:1   | Reached XP level 12. HP: 75/75 MP: 20/24
 18471 | Lair:1   | Reached skill level 10 in Air Magic
 18841 | Lair:1   | Noticed a five-headed hydra
 18845 | Lair:1   | Killed a five-headed hydra
 19601 | Lair:1   | Got a steaming long sword
 19603 | Lair:1   | Identified the +7 long sword of the Moth {flame, rN+ Str+4} (You found it on level 1 of the Lair of Beasts)
 19660 | Lair:1   | Noticed an eight-headed hydra
 19664 | Lair:1   | Killed an eight-headed hydra
 20305 | Lair:1   | Identified a scroll of acquirement
 21026 | Lair:2   | Reached **** piety under Hepliaklqana
 21198 | Lair:2   | Found a staircase to the Swamp.
 22202 | Lair:3   | Noticed Gastronok
 22212 | Lair:3   | Killed Gastronok
 22229 | Lair:3   | Noticed a six-headed hydra
 22844 | Lair:2   | Killed a six-headed hydra
 23202 | Lair:3   | Got a steaming shortbow
 23237 | Lair:2   | Identified the +9 shortbow "Usuzo" {venom, Str+3} (You found it on level 3 of the Lair of Beasts)
 23952 | Lair:3   | Noticed a four-headed hydra
 23955 | Lair:3   | Killed a four-headed hydra
 23955 | Lair:3   | Reached XP level 13. HP: 81/81 MP: 26/26
 24509 | Lair:4   | Noticed Kirke
 24519 | Lair:4   | Killed Kirke
 24519 | Lair:4   | Reached skill level 5 in Summonings
 24759 | Lair:4   | Reached skill level 10 in Spellcasting
 25014 | Lair:4   | Found a staircase to the Snake Pit.
 25600 | Lair:4   | Reached ***** piety under Hepliaklqana
 25979 | Lair:4   | Noticed Sonja
 25982 | Lair:4   | Killed Sonja
 26136 | Lair:5   | Noticed Snorg
 26186 | Lair:5   | Killed Snorg
 26190 | Lair:5   | Reached skill level 10 in Conjurations
 27316 | Lair:6   | Entered Level 6 of the Lair of Beasts
 28223 | Lair:6   | Found a viscous altar of Jiyva.
 28224 | Lair:6   | Found a staircase to the Slime Pits.
 29055 | Lair:6   | Noticed a dire elephant
 29168 | Lair:6   | Killed a dire elephant
 29743 | Lair:6   | Got a warped hand axe
 29744 | Lair:6   | Identified the +6 hand axe of the Forgotten Wonders {flame, Int+3} (You found it on level 6 of the Lair of Beasts)
 29819 | Lair:6   | Noticed a dire elephant
 29970 | Lair:6   | Killed a dire elephant
 29970 | Lair:6   | Mutation became permanent: Your tail ends in a poisonous barb. [Green Draconian growth]
 29970 | Lair:6   | Gained mutation: Your tail ends in a poisonous barb. [Green Draconian growth]
 29970 | Lair:6   | Reached XP level 14. HP: 87/87 MP: 21/28
 31310 | Orc:1    | Entered Level 1 of the Orcish Mines
 31449 | Orc:1    | Found a flagged portal.
 31565 | Bailey   | Entered a bailey
 32554 | Bailey   | Identified the Almanac of Fetching Orientation
 32571 | Bailey   | Got a scorched battleaxe {chop}
 32575 | Bailey   | Identified the cursed +1 battleaxe "Zycziuc" {chop, Stlth+} (You took it off an orc warrior in a bailey)
 32943 | Orc:1    | Found a runed door.
 32988 | Orc:1    | Found a runed door.
 33130 | Orc:1    | You fall through a shaft!
 33130 | Orc:2    | Entered Level 2 of the Orcish Mines
 33159 | Orc:2    | Lost mutation: You are weak. (Str -2) [potion of mutation]
 33159 | Orc:2    | Lost mutation: You tend to lose your temper in combat. [potion of mutation]
 33159 | Orc:2    | Gained mutation: Your magical capacity is low. (-10% MP) [potion of mutation]
 33159 | Orc:2    | Lost mutation: You have large cloven feet. [potion of mutation]
 33159 | Orc:2    | Gained mutation: You are resistant to hostile enchantments. (MR+) [potion of mutation]
 34176 | Orc:2    | Reached ****** piety under Hepliaklqana
 34890 | Orc:2    | Reached skill level 10 in Shields
 36045 | Orc:2    | Found a staircase to the Elven Halls.
 36183 | Orc:2    | Found Reggo's Assorted Antiques.
 36183 | Orc:2    | Found Tisir's Antique Weapon Shop.
 36183 | Orc:2    | Found Ulaek's Book Shop.
 36183 | Orc:2    | Found Zownisoczi's Distillery.
 36816 | D:12     | Reached XP level 15. HP: 90/92 MP: 27/27
 36845 | D:12     | Found a frozen archway.
 36852 | D:12     | Got a crude long sword {slice}
 36876 | IceCv    | Entered an ice cave
 37880 | IceCv    | Identified the +5 long sword "Qeet" {slice, Dex+3} (You took it off an orc on level 12 of the Dungeon)
 38506 | IceCv    | Noticed a frost giant
 38512 | IceCv    | Killed a frost giant
 39473 | D:12     | Found a roughly hewn altar of Beogh.
 40236 | D:13     | Found Huugij's Antique Armour Boutique.
 40256 | D:13     | Bought a pair of embroidered gloves for 270 gold pieces
 40872 | D:13     | Found a portal to a secret trove of treasure.
 42151 | D:14     | Reached skill level 10 in Dodging
 42685 | D:14     | Noticed Roxanne
 43053 | D:14     | Killed Roxanne
 43090 | D:14     | Identified Roxanne's Papyrus of Stones (You took it off Roxanne on level 14 of the Dungeon)
 43189 | D:14     | Got a crude bronze ring
 43258 | D:14     | Identified the ring "Hybim" {Int+4 Stlth-} (You found it on level 14 of the Dungeon)
 43668 | D:14     | Learned a level 6 spell: Deflect Missiles
 43675 | D:14     | Learned a level 6 spell: Conjure Ball Lightning
 43698 | D:14     | Noticed a frost giant
 43701 | D:14     | Noticed a vault warden
 43754 | D:14     | Killed a vault warden
 43754 | D:14     | Reached skill level 2 in Fighting
 43863 | D:14     | Noticed a storm dragon
 44338 | Snake:1  | Entered Level 1 of the Snake Pit
 46806 | Orc:2    | Bought a potion of heal wounds for 70 gold pieces
 46806 | Orc:2    | Bought a potion of resistance for 140 gold pieces
 46808 | Orc:2    | Bought a warped hunting sling for 240 gold pieces
 46808 | Orc:2    | Identified the +5 hunting sling "Q" {speed, *Drain rPois rF+ Dex+3} (You bought it in a shop on level 2 of the Orcish Mines)
 47782 | Snake:1  | Reached XP level 16. HP: 99/99 MP: 29/29
 50111 | Snake:2  | You fall through a shaft!
 50117 | Snake:3  | Noticed Asterion
 52246 | Snake:3  | Killed Asterion
 52484 | Snake:3  | Noticed Vashnia
 53217 | Snake:3  | Noticed Aizul
 53235 | Snake:2  | Killed Aizul
 53239 | Snake:2  | Gained mutation: Your body sometimes deteriorates upon taking damage. [mutagenic meat]
 53240 | Snake:2  | Lost mutation: Your magical capacity is low. (-10% MP) [potion of mutation]
 53240 | Snake:2  | Lost mutation: You are resistant to hostile enchantments. (MR+) [potion of mutation]
 53240 | Snake:2  | Gained mutation: You are occasionally teleported next to monsters. [potion of mutation]
 53240 | Snake:2  | Gained mutation: Your large and strong wings let you fly indefinitely. [potion of mutation]
 53240 | Snake:2  | Gained mutation: You have a pair of small horns on your head. [potion of mutation]
 53241 | Snake:2  | Lost mutation: Your body sometimes deteriorates upon taking damage. [potion of mutation]
 53241 | Snake:2  | Lost mutation: Your large and strong wings let you fly indefinitely. [potion of mutation]
 53241 | Snake:2  | Gained mutation: Your body sometimes deteriorates upon taking damage. [potion of mutation]
 53241 | Snake:2  | Gained mutation: Your skin changes colour to match your surroundings (Stealth+). [potion of mutation]
 53242 | Snake:2  | Lost mutation: You are occasionally teleported next to monsters. [potion of mutation]
 53242 | Snake:2  | Lost mutation: Your body sometimes deteriorates upon taking damage. [potion of mutation]
 53242 | Snake:2  | Gained mutation: Scrolls take you a little longer to read. [potion of mutation]
 53242 | Snake:2  | Gained mutation: Your muscles are strong. (Str +2) [potion of mutation]
 53242 | Snake:2  | Gained mutation: Your muscles are very strong. (Str +4) [potion of mutation]
 53269 | Snake:2  | Lost mutation: Your flesh is cold resistant. (rC+) [potion of mutation]
 53269 | Snake:2  | Lost mutation: Scrolls take you a little longer to read. [potion of mutation]
 53269 | Snake:2  | Lost mutation: Your muscles are very strong. (Str +4) [potion of mutation]
 53269 | Snake:2  | Lost mutation: Your muscles are strong. (Str +2) [potion of mutation]
 53269 | Snake:2  | Gained mutation: You are weak. (Str -2) [potion of mutation]
 53269 | Snake:2  | Gained mutation: You are resistant to hostile enchantments. (MR+) [potion of mutation]
 53504 | Snake:3  | Killed Vashnia
 53768 | Snake:3  | Reached XP level 17. HP: 78/104 MP: 16/34
 54333 | Snake:3  | Found a runed gate.
 54333 | Snake:3  | Found a runed gate.
 54333 | Snake:3  | Found a runed gate.
 55543 | Snake:3  | Reached skill level 3 in Fighting
 56055 | Swamp:1  | Entered Level 1 of the Swamp
 56717 | Swamp:1  | Reached skill level 1 in Invocations
 56727 | Swamp:1  | Reached skill level 1 in Evocations
 57183 | Swamp:1  | Reached skill level 4 in Fighting
 57713 | Swamp:2  | Noticed Frances
 57727 | Swamp:2  | Killed Frances
 58441 | Swamp:2  | Reached skill level 5 in Fighting
 59704 | Swamp:3  | Reached skill level 6 in Fighting
 60363 | Swamp:3  | Reached skill level 7 in Fighting
 61231 | D:14     | Lost mutation: You are weak. (Str -2) [mutagenic meat]
 61476 | D:14     | Gained mutation: You are clumsy. (Dex -2) [mutagenic meat]
 61477 | D:14     | Lost mutation: You are clumsy. (Dex -2) [mutagenic meat]
 61478 | D:14     | Gained mutation: You are somewhat resistant to further mutation. [mutagenic meat]
 61716 | Orc:2    | Bought an antique book for 555 gold pieces
 61716 | Orc:2    | Identified the Almanac of Dusty Unholy Rites (You bought it in a shop on level 2 of the Orcish Mines)
 62267 | D:14     | Found a gate to the Vaults.
 62320 | D:14     | Reached skill level 8 in Fighting
 62589 | D:15     | Entered Level 15 of the Dungeon
 62669 | D:15     | Upgraded the game from 0.20.0-10-g0535bb4 to 0.20.0-14-g326068f
 63400 | D:15     | Noticed Louise
 63525 | D:15     | Killed Louise
 63786 | D:15     | Noticed Urug
 63791 | D:15     | Killed Urug
 64190 | D:15     | Reached skill level 5 in Invocations
 64519 | D:15     | Found a staircase to the Depths.
 64825 | D:15     | Reached XP level 18. HP: 129/129 MP: 36/36
 65154 | D:15     | Reached skill level 9 in Fighting
 65431 | D:15     | Reached skill level 5 in Evocations
 65797 | Elf:1    | Entered Level 1 of the Elven Halls
 66578 | Elf:1    | Identified the Compendium of Attacks
 67033 | Elf:1    | Noticed an Ice Fiend
 67384 | Elf:1    | Found Hus Xajyi's Antique Armour Shoppe.
 68418 | Elf:2    | Reached skill level 10 in Fighting
 68457 | Elf:2    | Found a runed door.
 68487 | Elf:2    | Found a runed door.
 70950 | Elf:2    | Reached skill level 11 in Fighting
 72580 | Snake:4  | Entered Level 4 of the Snake Pit
 73575 | Snake:4  | Reached XP level 19. HP: 144/144 MP: 32/37
 73790 | Snake:4  | Reached skill level 10 in Invocations
 74028 | Snake:4  | Reached skill level 12 in Fighting
 75882 | Snake:4  | Reached skill level 10 in Evocations
 76140 | Snake:4  | Reached skill level 13 in Fighting
 77429 | Snake:4  | Reached skill level 14 in Fighting
 78030 | Snake:4  | Got a serpentine rune of Zot
 78638 | Swamp:3  | Upgraded the game from 0.20.0-14-g326068f to 0.20.0-15-g7f486f2
 78927 | Vaults:1 | Entered Level 1 of the Vaults
 79860 | Vaults:1 | Reached skill level 15 in Fighting
 81636 | Vaults:1 | Reached XP level 20. HP: 162/162 MP: 38/38
 81636 | Vaults:1 | Reached skill level 15 in Air Magic
 81687 | Vaults:1 | Reached skill level 16 in Fighting
 82926 | Vaults:2 | Noticed Donald
 82931 | Vaults:2 | Killed Donald
 83501 | Vaults:2 | Reached skill level 17 in Fighting
 84493 | Vaults:2 | Reached skill level 18 in Fighting
 85823 | Vaults:2 | Found Leiskixt's Antique Weapon Boutique.
 86711 | Vaults:2 | Reached skill level 19 in Fighting
 88207 | Vaults:3 | Found a staircase to the Crypt.
 88602 | Vaults:3 | Reached XP level 21. HP: 157/178 MP: 39/39
 91401 | Vaults:3 | Reached skill level 10 in Summonings
 91432 | Vaults:3 | Reached skill level 15 in Spellcasting
 91437 | Vaults:3 | Found Ponietit's Jewellery Boutique.
 92597 | Vaults:4 | Noticed Mennas
 93638 | Swamp:4  | Entered Level 4 of the Swamp
 93957 | Swamp:4  | Noticed the 27-headed Lernaean hydra
 94019 | Swamp:3  | HP: 8/179 [the 27-headed Lernaean hydra (9)]
 94019 | Swamp:3  | HP: 1/179 [the 27-headed Lernaean hydra (7)]
 94019 | Swamp:3  | Mangled by the 27-headed Lernaean hydra

Skill      XL: |  1  2  3  4  5  6  7  8  9 10 11 12 13 14 15 16 17 18 19 20 21 |
---------------+----------------------------------------------------------------+-----
Dodging        | 2 4 5 6 7 8 9 10 | 10.8
Conjurations   | 2 3 4 5 6 7 8 9 10 11 12 13 | 13.0
Charms         | 1 2 3 4 5 6 |  6.0
Shields        | 1 2 4 5 6 7 8 9 10 11 12 | 12.2
Air Magic      | 4 5 6 7 8 9 10 11 12 13 14 15 16 | 16.1
Spellcasting   | 3 4 5 6 7 8 9 10 11 12 13 14 15 | 15.2
Fighting       | 1 2 8 11 15 19 | 19.4
Summonings     | 2 4 6 7 8 9 10 | 10.0
Invocations    | 5 9 10 | 10.0
Evocations     | 4 8 10 | 10.0
Stealth        | |  1.7

Action                   |  1- 3 |  4- 6 |  7- 9 | 10-12 | 13-15 | 16-18 | 19-21 || total
-------------------------+-------+-------+-------+-------+-------+-------+-------++-------
Melee: Whip              |    52 |       |       |       |       |       |       ||    52
       Tailslap          |     3 |     4 |       |    17 |    11 |     7 |    12 ||    54
       Dagger            |       |    33 |       |       |       |       |       ||    33
       Long sword        |       |    10 |     3 |       |       |     9 |     2 ||    24
       Staff             |       |       |     2 |    84 |    83 |    41 |    72 ||   282
       Headbutt          |       |       |       |       |       |    15 |    21 ||    36
       Flail             |       |       |       |       |       |       |     3 ||     3
Throw: Stone             |       |       |       |       |     2 |       |       ||     2
 Cast: Shock             |    86 |   138 |   151 |   106 |    33 |     4 |     5 ||   523
       Static Discharge  |     1 |     2 |    15 |    10 |     6 |     2 |       ||    36
       Swiftness         |       |     5 |     2 |    13 |    25 |    54 |    46 ||   145
       Airstrike         |       |     3 |    93 |   161 |   200 |   253 |    89 ||   799
       Lightning Bolt    |       |       |     6 |   143 |   479 |   672 |   689 ||  1989
       Summon Lightning  |       |       |       |    28 |   167 |   175 |   185 ||   555
       Conjure Ball Ligh |       |       |       |       |     3 |     6 |       ||     9
       Deflect Missiles  |       |       |       |       |     3 |     5 |     5 ||    13
Invok: Recall Ancestor   |       |       |     1 |     2 |     8 |    13 |    16 ||    40
       Ancestor Identity |       |       |     1 |       |       |       |       ||     1
       Ancestor Life: He |       |       |       |     1 |       |       |       ||     1
 Abil: Breathe Noxious F |       |       |       |       |     3 |     3 |     1 ||     7
Evoke: Wand              |       |       |       |       |     1 |     1 |       ||     2
       Lightning rod     |       |       |       |       |     4 |     2 |       ||     6
       Box of beasts     |       |       |       |       |     1 |       |       ||     1
       Sack of spiders   |       |       |       |       |     1 |       |       ||     1
       Lamp of fire      |       |       |       |       |       |     1 |     1 ||     2
  Use: Scroll            |       |     1 |     8 |    11 |    15 |    14 |     3 ||    52
       Potion            |       |       |     1 |     6 |    10 |     8 |     2 ||    27
 Stab: Distracted        |       |       |       |     1 |     1 |       |     2 ||     4
       Paralysed         |       |       |       |       |     2 |     8 |    12 ||    22
       Confused          |       |       |       |       |       |       |     2 ||     2
  Eat: Chunk             |    16 |    16 |    41 |    85 |   132 |    81 |    57 ||   428
       Bread ration      |       |       |       |     1 |     2 |     5 |       ||     8
       Meat ration       |       |       |       |     1 |       |     1 |     2 ||     4
       Royal jelly       |       |       |       |       |     2 |     3 |       ||     5
       Fruit             |       |       |       |       |     1 |     9 |     1 ||    11
Armor: Skin              |    22 |    26 |    18 |    77 |    80 |    93 |    93 ||   409
Dodge: Dodged            |    44 |    56 |    51 |   167 |   237 |   207 |   158 ||   920
       Deflected         |       |       |       |       |     7 |    47 |    57 ||   111
Block: Buckler           |       |       |       |    44 |    85 |       |       ||   129
       Shield            |       |       |       |       |    21 |   347 |   258 ||   626
       Rpst.: Long sword |       |     1 |     3 |       |       |     2 |     2 ||     8
